 Dungeon Crawl Stone Soup version 0.31-a0-920-g28cbb04a8c (webtiles) character file.

Game seed: 11030611791872177681

39 Gergoth the Chopper (level 3, 0/33 HPs)
             Began as a Hill Orc Monk on Oct 17, 2023.
             Succumbed to an adder's poison
             ... on level 2 of the Dungeon.
             The game lasted 00:00:58 (753 turns).

Gergoth the Chopper (Hill Orc Monk)                  Turns: 753, Time: 00:00:58

Health: 0/33       AC:  2    Str: 15    XL:     3   Next: 45%
Magic:  3/3        EV: 12    Int: 10    God:
Gold:   70         SH:  0    Dex: 13    Spells: 2/2 levels left

rFire   . . .        a - +0 hand axe
rCold   . . .        d - orb {light}
rNeg    . . .        b - +0 robe
rPois   .            (no helmet)
rElec   .            (no cloak)
rCorr   .            (no gloves)
SInv    .            (no boots)
Will    .....        (no amulet)
Stlth   +            (no ring)
HPRegen 0.25/turn    (no ring)
MPRegen 0.08/turn

%: no passive effects
@: lethally poisoned (0 -> -8), glowing
A: no striking features
a: no special abilities


You were on level 2 of the Dungeon.
You visited 1 branch of the dungeon, and saw 2 of its levels.

You collected 70 gold pieces.

Inventory:

Hand Weapons
 a - a +0 hand axe (weapon)
Armour
 b - a +0 robe (worn)
 d - an orb of light (worn)
Scrolls
 e - a scroll of fog {unknown}
 g - a scroll of blinking {unknown}
Potions
 c - a potion of ambrosia
 f - a potion of degeneration {unknown}


   Skills:
 * Level 4.3 Fighting
 * Level 4.7 Axes
 + Level 1.1 Armour
 + Level 2.6 Dodging


You had 2 spell levels left.
You didn't know any spells.
Your spell library contained the following spells:

 Spells                   Type           Power      Damage    Failure   Level
 Foxfire                  Conj/Fire      0%         2x1d4     36%         1
 Plasma Beam              Fire/Air       0%         2x1d10    100%        6
 Starburst                Conj/Fire      0%         6d3       100%        6


Dungeon Overview and Level Annotations

Branches:
Dungeon (2/15)

Altars:


Message History

You see here a staff of cold.
You see here a +0 dagger.
There is a stone staircase leading down here.
You climb downwards.
Jessica shouts!
The adder hisses angrily.
There is a stone staircase leading up here.
There are monsters nearby!
Jessica casts a spell at you. Pain shoots through your body!
You completely miss Jessica. You barely miss the adder.
Jessica hits you with a +0 dagger. The adder barely misses you.
Jessica hits you with a +0 dagger.
You hit Jessica.
Jessica is severely wounded.
You hit the adder. The adder barely misses you.
Jessica zaps a wand.
The puff of flame hits you! The adder barely misses you.
You hit Jessica.
Jessica is severely wounded.
You hit the adder. The adder barely misses you. Jessica casts a spell at you.
You barely resist. You barely miss Jessica.
Jessica is severely wounded.
You hit the adder. The adder bites you.
* * * LOW HITPOINT WARNING * * *
You are poisoned.
The adder poisons you!
Jessica zaps a wand.
The puff of flame misses you.
You barely miss Jessica.
Jessica is severely wounded.
You hit the adder.
You feel sick. The adder closely misses you. Jessica hits you with a +0 dagger.
* * * LOW HITPOINT WARNING * * *
The adder bites you.
* * * LOW HITPOINT WARNING * * *
You are more poisoned.
The adder poisons you!
You hit Jessica.
You kill Jessica!
You closely miss the adder.
You die...

### ##### ...
.... #.##.####
####.)@....#
.......#S##.#####
######...........
#.#<##......
#.#.# .##.. #....
# #.#... #....##
# #.##


You could see an adder.

Vanquished Creatures
  Jessica (D:2)
  6 ball pythons (D:1)
  A bat (D:1)
  3 endoplasms (D:1)
  2 giant cockroaches (D:1)
  4 goblins (D:1)
  2 hobgoblins (D:1)
  3 jackals (D:1)
  4 kobolds (D:1)
  3 quokkas (D:1)
  A frilled lizard (D:1)
  3 rats (D:1)
33 creatures vanquished.

Notes
Turn   | Place    | Note
-------+----------+-------------------------------------------
     0 | D:1      | Gergoth the Hill Orc Monk began the quest for the Orb.
     0 | D:1      | Reached XP level 1. HP: 19/19 MP: 1/1
    81 | D:1      | Reached XP level 2. HP: 27/27 MP: 2/2
   290 | D:1      | Reached XP level 3. HP: 30/33 MP: 3/3
   403 | D:1      | Reached skill level 1 in Armour
   743 | D:2      | Noticed Jessica
   753 | D:2      | Killed Jessica
   753 | D:2      | Succumbed to an adder's poison

Illustrated notes

Levels and vault maps discovered:
D:1:      tarquinn_simple_flora_water_c, layout_loops_cross
D:2:      layout_loops_ring, basic_altar, uniq_jessica, uniq_sigmund, uniq_robin

Skill      XL: |  1  2  3 |
---------------+----------+-----
Fighting       | 4 |  4.3
Armour         | 1 |  1.1
Axes           | |  4.7
Dodging        | |  2.6

Action                     || total
---------------------------++-------
  Melee: Hand axe          ||    76
 Armour: Robe              ||    45
  Dodge: Dodged            ||    45

Table legend: (Time is in decaauts)
 A = Elapsed time spent in this place.
 B = Non-inter-level travel time spent in this place.
 C = Inter-level travel time spent in this place.
 D = Time resting spent in this place.
 E = Time spent auto-exploring this place.
 F = Levels seen in this place.
 G = Mean time per level.
                   A        B        C        D        E       F      G
               +--------+--------+--------+--------+--------+-----+--------+
         Total |    759 |    734 |     25 |      0 |    582 |   2 |  379.5 |
       Dungeon |    759 |    734 |     25 |      0 |    582 |   2 |  379.5 |
               +--------+--------+--------+--------+--------+-----+--------+

Top non-repeatable levels by time:
     D:1: 749 daAuts
     D:2: 10 daAuts
